Unix NetHack Version 5.0.0-0 post-release - last build May 17 2026 04:57:42 (dc50c8380fa5e20985bfe3072449f57b8d9895ef,branch:main).

Game began 2026-05-20 03:10:25, ended 2026-05-20 03:30:47.

Corncycle, chaotic male human Rogue

       ----------  ------
    |..|........----.....-           -----
    -@.-..{...|......--...|        ---...---
    G..|.....- ------|....|       --.%.....--
       --|--.| ------|.....     .--.........-----
               |(.(.|-...|     .......G...|.....
               |((((-...--   .|-..........|-..---
               |(((.|-...---........|....-|.....--
               ------|....|...|..--.|...---..|...--
    ---------------  |--....-- -. |.|-..|...---...------      ---
    |...|!!!?**?**|  |.......-- ..|.|---|..........|...|   ...|.|
    --..|.........|--|....{...| ....|   ----........)..---....|.--
    --..--|--------..|-.......--....|---   --.---..%.%........|..|
    |.%.[............--........----....|    |.| -.--....(|    |..-----
    ||--........--|-.....-+---......|..|    |.|##  --...--    |..).|.----
    |..|--..-|--|..|---..|   ------.+...  -.-|.--   --..|     |.........|--
    |..-.|.-|...|..|  ----        ------##......|    |...     ----....)-|.--
    ||----.--|---|--                      |.._..|    |..|)--------.|....|..--
    |.............|                       |.....|    |..--%...[....|---.....|
    ---------------                       -------    --.......------  ---..<|
                                                      ---------         -----
Corncycle the Rogue     St:10 Dx:18 Co:15 In:13 Wi:13 Ch:8  Chaotic
Dlvl:6  $:0  HP:0(48) Pw:29(29) AC:1  Xp:6 T:2336  Hungry   Burdened

Latest messages:
 The 2nd dagger hits the homunculus.
 The homunculus bites!
 You are put to sleep by the homunculus!
 You wake up.
 In what direction?
 You throw 2 daggers.
 The 1st dagger hits the homunculus.
 The 2nd dagger hits the homunculus.
 The homunculus bites!
 You avoid harm.
 In what direction?
 You throw 2 daggers.
 The 1st dagger hits the homunculus.
 The 2nd dagger hits the homunculus.
 Your movements are now unencumbered.
 The homunculus bites!
 In what direction?
 You throw 2 daggers.
 The 1st dagger hits the homunculus.
 The 2nd dagger hits the homunculus.
 You kill the homunculus!
 You have a little trouble lifting 8 +0 daggers.  Continue? [ynq] (q)
 You have a little trouble lifting b - 8 +0 daggers (at the ready) (14 in total).
 Your movements are slowed slightly because of your load.
 This door is locked.
 Unlock it with your lock pick? [ynq] (q)
 You succeed in picking the lock.
 The door opens.
 In what direction?
 You are beginning to feel hungry.
 In what direction?
 The dagger hits the gnome lord.
 In what direction?
 The dagger hits the gnome lord.
 The gnome lord swings his thonged club.
 The gnome lord hits!
 In what direction?
 You throw 2 daggers.
 The 1st dagger hits the gnome lord.
 The 2nd dagger hits the gnome lord.
 The gnome lord swings his thonged club.
 The gnome lord hits!
 The gnome lord swings his thonged club.
 The gnome lord hits!
 You die...
 Do you want your possessions identified? [ynq] (y)
 Do you want to see your attributes? [ynq] (y)
 Do you want an account of creatures vanquished? [ynaq] (y)
 Do you want to see your conduct and achievements? [ynq] (y)
 Do you want to see the dungeon overview? [ynq] (y)

Inventory:
 Weapons  (')')
  b - 9 +0 daggers (at the ready)
  q - 3 +0 elven daggers
  a - a +0 short sword (weapon in right hand)
 Armor    ('[')
  r - an uncursed +0 helm of brilliance (being worn)
  u - an uncursed +0 pair of iron shoes (being worn)
  v - an uncursed +0 dwarvish cloak (being worn)
  x - an uncursed +1 elven mithril-coat (being worn)
 Comestibles  ('%')
  t - an uncursed melon
  n - an uncursed tin of deep fried newt meat
  w - an uncursed tin of spinach
 Rings    ('=')
  C - an uncursed ring of cold resistance
 Wands    ('/')
  y - a wand of sleep (0:1)
 Tools    ('(')
  Y - an uncursed sack containing 10 items
  s - an uncursed brass lantern
  e - an uncursed lock pick
  i - a cursed magic marker (0:84)

Contents of the sack:
  74 gold pieces
  an uncursed scroll of enchant armor
  an uncursed scroll of identify
  an uncursed potion of confusion
  a cursed potion of extra healing
  2 uncursed potions of fruit juice
  2 uncursed potions of healing
  an uncursed potion of levitation
  an uncursed potion of sickness
  a blessed potion of sleeping

Corncycle the Rogue's attributes:

Background:
 You were a Rogue, level 6 male human.
 You were chaotic, on a mission for Kos
 who was opposed by Issek (lawful) and Mog (neutral).
 You were right-handed.
 You were in the Gnomish Mines, on level 6.
 You entered the dungeon 2336 turns ago.
 It was nighttime.
 You had 352 experience points, 288 more were needed to attain level 7.

Basics:
 You had 0 out of 48 hit points.
 You had all 29 energy points (spell power).
 Your armor class was 1.
 Your wallet was empty, but
 you had 74 zorkmids stashed away in your pack.
 Autopickup was on for '.' plus thrown.

Final Characteristics:
 Your strength was 10 (limit:18/100).
 Your dexterity was 18 (limit:18).
 Your constitution was 15 (limit:18).
 Your intelligence was 13 (limit:18).
 Your wisdom was 13 (limit:18).
 Your charisma was 8 (limit:18).

Final Status:
 You were hungry.
 You were burdened; movement was slightly slowed.
 You were wielding a short sword.
 You had basic skill with short sword.

Final Attributes:
 You had strayed.
 Your items were somewhat protected from fire.
 You were cold resistant.
 Your items were somewhat protected from cold.
 You were stealthy.
 You were guarded.
 You are dead.

Miscellaneous:
 You didn't encounter any bones levels.
 Total elapsed playing time was 20 minutes and 21 seconds.

Major events:
 Turn
    1: Corncycle the chaotic male human Rogue entered the dungeon
  691: entered the Gnomish Mines
  882: attained the rank of Cutpurse (level 3)
 1531: reached Mine Town
 2216: attained the rank of Rogue (level 6)
 2336: killed by a gnome lord

You didn't know any spells.

Skills:
 Fighting Skills
   bare handed combat [Unskilled]
   two weapon combat  [Unskilled]
   riding             [Unskilled]
 Weapon Skills
   dagger             [Basic]
   knife              [Unskilled]
   short sword        [Basic]
   broadsword         [Unskilled]
   long sword         [Unskilled]
   two-handed sword   [Unskilled]
   saber              [Unskilled]
   club               [Unskilled]
   mace               [Unskilled]
   morning star       [Unskilled]
   flail              [Unskilled]
   hammer             [Unskilled]
   polearms           [Unskilled]
   spear              [Unskilled]
   crossbow           [Unskilled]
   dart               [Unskilled]
   shuriken           [Unskilled]
 Spellcasting Skills
   divination spells  [Unskilled]
   escape spells      [Unskilled]
   matter spells      [Unskilled]

Voluntary challenges:
 Character rerolling was not enabled.
 You never genocided any monsters.
 You never polymorphed an object.
 You never changed form.
 You used no wishes.
Achievements:
 You entered a shop.
 You entered the Gnomish Mines.
 You attained the rank of Cutpurse.
 You entered Minetown.
 You entered a temple.
 You attained the rank of Rogue.

 The Dungeons of Doom: levels 1 to 5
    Level 1:
       An altar, a sink.
    Level 2:
       A general store, a fountain.
    Level 3:
       A fountain.
       Stairs down to The Gnomish Mines.
    Level 4:
       A general store.
    Level 5:
 The Gnomish Mines: levels 4 to 6
    Level 4:
    Level 5:
    Level 6: <- You were here.
       Some shops, a temple and an altar, some fountains.
       Final resting place for
          you, killed by a gnome lord.


Vanquished creatures:
  a yellow light
  4 gnome leaders
  a gnomish wizard
  a gray ooze
  a little dog
  a floating eye
  4 dwarves
  a homunculus
  a kobold leader
  a monkey
  a wererat
  2 iguanas
  2 acid blobs
  5 hobbits
  a manes
  a hobgoblin
  3 giant rats
  a cave spider
  a yellow mold
 13 gnomes
  3 geckos
  3 jackals
  a kobold
  4 sewer rats
  6 grid bugs
  3 lichens
  3 newts
69 creatures vanquished.

No species were genocided or became extinct.

Game over:
                       ----------
                      /          \
                     /    REST    \
                    /      IN      \
                   /     PEACE      \
                  /                  \
                  |    Corncycle     |
                  |      74 Au       |
                  |   killed by a    |
                  |    gnome lord    |
                  |                  |
                  |                  |
                  |       2026       |
                 *|     *  *  *      | *
        _________)/\\_//(\/(/\)/\//\/|_)_______

Goodbye Corncycle the Rogue...

You died in The Gnomish Mines on dungeon level 6 with 1735 points,
and 74 pieces of gold, after 2336 moves.
You were level 6 with a maximum of 48 hit points when you died.

